 Dungeon Sprint DCSS version 0.30-a0-1103-g25895a7845 (webtiles) character file.

Game seed: 10467804771387860411

19 sircluck the Cudgeller (level 2, 0/29 HPs)
             Began as a Gnoll Cinder Acolyte on Apr 18, 2023.
             Was a High Priest of Ignis.
             Slain by a gnoll
             ... wielding a +0 flail
              (8 damage)
             ... in the Dungeon (Sprint VII: "The Pits").
             The game lasted 00:01:05 (188 turns).

sircluck the Cudgeller (Gnoll Cinder Acolyte)        Turns: 188, Time: 00:01:05

Health: 0/29       AC:  2    Str: 13    XL:     2   Next: 75%
Magic:  6/6        EV: 11    Int: 13    God:    Ignis [*****.]
Gold:   0          SH:  0    Dex:  7    Spells: 7/7 levels left

rFire   + . .      SeeInvis .    l - +2 quarterstaff
rCold   . . .      Faith    .    (shield currently unavailable)
rNeg    . . .      Spirit   .    b - +0 robe
rPois   .          Reflect  .    (no helmet)
rElec   .          Rampage  .    (no cloak)
rCorr   .          NoTele   +    (no gloves)
Will    .....                    (no boots)
Stlth   +                        (no amulet)
HPRegen 0.24/turn                (no ring)
MPRegen 0.10/turn                (no ring)

@: no status effects
A: fangs 1, strong nose, distributed training
a: Renounce Religion, Fiery Armour, Foxfire Swarm, Rising Flame


You were in the Dungeon.
You worshipped Ignis.
Ignis was extremely pleased with you.
You visited 1 branch

Inventory:

Hand Weapons
 a - a -1 mace of flaming
 k - a +2 mace
 l - a +2 quarterstaff (weapon)
Missiles
 j - 10 stones (quivered)
Armour
 b - a +0 robe (worn)
Scrolls
 h - a scroll of blinking
Potions
 c - a potion of curing
 d - a potion of heal wounds
 e - a potion of haste
 f - 4 potions of magic
 g - 3 potions of berserk rage
 i - 2 potions of invisibility


   Skills:
 + Level 6.7 Fighting
 + Level 1.6 Short Blades
 + Level 1.6 Long Blades
 + Level 1.6 Axes
 + Level 6.7 Maces & Flails
 + Level 1.6 Polearms
 + Level 1.6 Staves
 + Level 1.6 Ranged Weapons
 + Level 1.6 Throwing
 + Level 1.6 Armour
 + Level 1.6 Dodging
 + Level 1.6 Stealth
 + Level 1.6 Shields
 + Level 1.6 Unarmed Combat
 + Level 3.2 Spellcasting
 + Level 1.3 Conjurations
 + Level 1.3 Hexes
 + Level 1.3 Summonings
 + Level 1.3 Necromancy
 + Level 1.3 Translocations
 + Level 1.3 Transmutations
 + Level 5.6 Fire Magic
 + Level 1.3 Ice Magic
 + Level 1.3 Air Magic
 + Level 1.3 Earth Magic
 + Level 1.3 Poison Magic
 + Level 1.8 Invocations
 + Level 1.6 Evocations


You had 7 spell levels left.
You didn't know any spells.
Your spell library contained the following spells:

 Spells                   Type           Power      Damage    Failure   Level
 Scorch                   Fire           32%        2d6       3%          2


Dungeon Overview and Level Annotations

Branches:
Dungeon (1/1)

Altars:
Ashenzari
Cheibriados
Dithmenos
Elyvilon
Fedhas
Gozag
Hepliaklqana
Kikubaaqudgha
Makhleb
Nemelex Xobeh
Okawaru
Qazlal
Ru
Sif Muna
Trog
Uskayaw
Vehumet
Wu Jian
Xom
Yredelemnul
Zin
The Shining One
Jiyva
Lugonu


Innate Abilities, Weirdness & Mutations

You have very sharp teeth.
Your uncanny sense of smell can sniff out nearby items.
Your experience applies equally to all skills.


Message History

You kill the frilled lizard!
The bat hits you but does no damage. The bat closely misses you.
There is an open door here.
You see here a frilled lizard corpse.
You hit the bat.
The bat is heavily wounded.
The bat barely misses you. The bat hits you but does no damage.
The bat misses you. The bat barely misses you. The bat hits you.
You hit the bat.
You kill the bat!
You see here a bat corpse.
You open the door.
A bat and a gnoll come into view.
The gnoll shouts!
A river rat comes into view.
An adder comes into view.
The adder hisses angrily.
The bat hits you but does no damage.
There is an open door here.
The river rat attacks as you move away! The river rat bites you!
The bat barely misses you.
You hit the bat.
You kill the bat!
The gnoll misses you. The gnoll hits you with a +0 flail.
You see here a bat corpse.
You hit the gnoll.
The gnoll is moderately wounded.
The gnoll completely misses you.
You barely miss the gnoll.
The gnoll is moderately wounded.
The gnoll completely misses you.
You barely miss the gnoll.
The gnoll is moderately wounded.
The gnoll hits you with a +0 flail!
* * * LOW HITPOINT WARNING * * *
The gnoll attacks as you move away! The gnoll hits you with a +0 flail!
You die...

##########'##...........
#.?..')))'.##......#..#.
##########.##...........
#...........'...........
#+#####'#####......#..#.
∆∆#.....##...........
∆∆#####†#####'#####++
∆∆#.....##.......#
∆∆#...@.##.......#
∆∆###g####.......#
#..Sr.##...<...#
........##.......#
#........##.......#
###########.......#
######### ∆∆∆∆


You could see a gnoll and an adder.

Vanquished Creatures
  An adder (D)
  An ufetubus (D)
  2 bats (D)
  A ball python skeleton (D)
  A frilled lizard (D)
6 creatures vanquished.

Notes
Turn   | Place    | Note
-------+----------+-------------------------------------------
     0 | D        | sircluck the Gnoll Cinder Acolyte began the quest for the
                  | Orb.
     0 | D        | Reached XP level 1. HP: 23/23 MP: 4/4
    19 | D        | Reached skill level 1 in Short Blades
    19 | D        | Reached skill level 1 in Long Blades
    19 | D        | Reached skill level 1 in Axes
    19 | D        | Reached skill level 1 in Polearms
    19 | D        | Reached skill level 1 in Staves
    19 | D        | Reached skill level 1 in Ranged Weapons
    19 | D        | Reached skill level 1 in Throwing
    19 | D        | Reached skill level 1 in Armour
    19 | D        | Reached skill level 1 in Dodging
    19 | D        | Reached skill level 1 in Stealth
    19 | D        | Reached skill level 1 in Shields
    19 | D        | Reached skill level 1 in Unarmed Combat
    19 | D        | Reached skill level 1 in Conjurations
    19 | D        | Reached skill level 1 in Hexes
    19 | D        | Reached skill level 1 in Summonings
    19 | D        | Reached skill level 1 in Necromancy
    19 | D        | Reached skill level 1 in Translocations
    19 | D        | Reached skill level 1 in Transmutations
    19 | D        | Reached skill level 1 in Ice Magic
    19 | D        | Reached skill level 1 in Air Magic
    19 | D        | Reached skill level 1 in Earth Magic
    19 | D        | Reached skill level 1 in Poison Magic
    19 | D        | Reached skill level 1 in Invocations
    19 | D        | Reached skill level 1 in Evocations
    19 | D        | Reached XP level 2. HP: 18/29 MP: 6/6
    44 | D        | Found a bloodstained altar of Trog.
    44 | D        | Found a shimmering blue altar of Sif Muna.
    44 | D        | Found a viscous altar of Jiyva.
    44 | D        | Found a hazy altar of Hepliaklqana.
    44 | D        | Found an opulent altar of Gozag.
    45 | D        | Found a glowing golden altar of the Shining One.
    45 | D        | Found a glowing silver altar of Zin.
    45 | D        | Found a basalt altar of Yredelemnul.
    45 | D        | Found a shimmering altar of Xom.
    45 | D        | Found an ornate altar of the Wu Jian Council.
    45 | D        | Found a sacrificial altar of Ru.
    45 | D        | Found a stormy altar of Qazlal.
    45 | D        | Found an iron altar of Okawaru.
    45 | D        | Found a sparkling altar of Nemelex Xobeh.
    45 | D        | Found a burning altar of Makhleb.
    45 | D        | Found a blossoming altar of Fedhas.
    45 | D        | Found a white marble altar of Elyvilon.
    45 | D        | Found a shadowy altar of Dithmenos.
    45 | D        | Found a snail-covered altar of Cheibriados.
    48 | D        | Found a corrupted altar of Lugonu.
    48 | D        | Found a radiant altar of Vehumet.
    49 | D        | Found an ancient bone altar of Kikubaaqudgha.
    49 | D        | Found a hide-covered altar of Uskayaw.
    49 | D        | Found a broken altar of Ashenzari.
   188 | D        | Slain by a gnoll

Illustrated notes

Levels and vault maps discovered:
D:        pitsprint [storerooms_1, entrance_room_1, metal_vault_6, armoury_1,
          mini_pit_1, grid_room_1, main_hall_1, silver_pit, the_coven_1,
          the_vestibule_1, steel_vault_1, golden_pit, hallway_of_sentries,
          crystal_vault_6, iron_vault_4, final_vault]

Skill      XL: |  1 |
---------------+----+-----
Short Blades   | 1 |  1.6
Long Blades    | 1 |  1.6
Axes           | 1 |  1.6
Polearms       | 1 |  1.6
Staves         | 1 |  1.6
Ranged Weapons | 1 |  1.6
Throwing       | 1 |  1.6
Armour         | 1 |  1.6
Dodging        | 1 |  1.6
Stealth        | 1 |  1.6
Shields        | 1 |  1.6
Unarmed Combat | 1 |  1.6
Spellcasting   | 3 |  3.2
Conjurations   | 1 |  1.3
Hexes          | 1 |  1.3
Summonings     | 1 |  1.3
Necromancy     | 1 |  1.3
Translocations | 1 |  1.3
Transmutations | 1 |  1.3
Ice Magic      | 1 |  1.3
Air Magic      | 1 |  1.3
Earth Magic    | 1 |  1.3
Poison Magic   | 1 |  1.3
Invocations    | 1 |  1.8
Evocations     | 1 |  1.6
Fighting       | |  6.7
Maces & Flails | |  6.7
Fire Magic     | |  5.6

Action                     || total
---------------------------++-------
  Melee: Mace              ||     4
         Quarterstaff      ||    12
         Bite              ||     1
 Armour: Robe              ||     4
  Dodge: Dodged            ||    23

Table legend: (Time is in decaauts)
 A = Elapsed time spent in this place.
 B = Non-inter-level travel time spent in this place.
 C = Inter-level travel time spent in this place.
 D = Time resting spent in this place.
 E = Time spent auto-exploring this place.
 F = Levels seen in this place.
 G = Mean time per level.
                   A        B        C        D        E       F      G
               +--------+--------+--------+--------+--------+-----+--------+
         Total |    189 |    182 |      7 |     91 |      0 |   1 |  189.0 |
       Dungeon |    189 |    182 |      7 |     91 |      0 |   1 |  189.0 |
               +--------+--------+--------+--------+--------+-----+--------+

Top non-repeatable levels by time:
       D: 189 daAuts
